Map: Proxima Station LE

Players

TRUE - Winner!

  • Race: Zerg Zerg
  • Spawn Location: 7:00

Bails

  • Race: Protoss Protoss
  • Spawn Location: 1:00

Event: WCS Austin 2017

VOD

Have the link to the VOD?

Description

Time

  • Played on: April 28, 2017, 2:25 p.m.
  • Length: 19:05

All games in this series

Show
View Real Time Build Order
Export as new Build Order

TRUE Zerg - Winner!

Build Orders: Hatch First 

Get SALT Encoding   

  12  0:00  Drone  
  13  0:12  Overlord  
  13  0:16  Drone  
  14  0:30  Drone x2  
  14  0:34  Drone  
  17  0:52  Hatchery  
  17  0:56  Drone  
  17  1:09  Spawning Pool  
  17  1:11  Extractor  
  15  1:15  Drone  
  15  1:18  Drone  
  17  1:22  Drone  
  18  1:27  Drone  
  19  1:39  Overlord  
  19  1:56  Queen  
  19  1:57  Zergling x2  
  19  2:00  Drone  
  23  2:05  Queen  
  23  2:06  Drone  
  26  2:13  Drone  
  27  2:18  Drone  
  27  2:21  Drone  
  29  2:31  Drone  
  30  2:40  Hatchery  
  29  2:45  Drone  
  29  2:46  Drone  
  29  2:47  Drone  
  29  2:49  Pneumatized Carapace  
  32  2:52  Overlord  
  32  2:58  Queen  
  32  3:03  Drone  
  32  3:04  Drone  
  36  3:10  Drone x2  
  36  3:11  Drone  
  39  3:15  Metabolic Boost  
  39  3:17  Drone  
  41  3:20  Drone  
  41  3:22  Drone  
  41  3:24  Drone  
  41  3:27  Drone  
  44  3:30  Overlord  
  44  3:42  Overlord  
  44  3:48  Queen  
  44  3:50  Roach Warren  
  44  3:53  Drone x4  
  44  3:54  Drone  
  50  3:56  Drone  
  50  3:57  Drone  
  50  3:59  Drone  
  50  4:00  Drone  
  50  4:02  Drone  
  55  4:04  Drone  
  56  4:14  Extractor  
  56  4:15  Drone x3  
  56  4:16  Drone x2  
  60  4:20  Overlord  
  60  4:23  Overlord  
  60  4:27  Overlord  
  60  4:31  Overlord  
  60  4:39  Overlord  
  60  4:40  Roach x3  
  60  4:42  Roach x2  
  60  4:43  Roach  
  60  4:45  Lair  
  72  4:47  Zergling x4  
  72  4:48  Zergling x2  
  72  4:49  Zergling x2  
  72  4:52  Zergling x4  
  78  4:53  Zergling x2  
  78  4:55  Zergling x4  
  78  4:57  Zergling x2  
  82  5:03  Zergling x2  
  82  5:04  Zergling x2  
  82  5:06  Overlord  
  84  5:09  Overlord  
  84  5:22  Overlord  
  84  5:24  Overlord  
  84  5:25  Evolution Chamber  
  84  5:27  Extractor  
  82  5:31  Overlord  
  82  5:38  Drone x5  
  82  5:39  Drone x5  
  87  5:43  Drone  
  87  5:44  Drone  
  87  5:49  Glial Reconstitution  
  85  5:51  Drone  
  85  5:55  Drone x2  
  85  5:56  Drone  
  85  5:57  Drone  
  86  5:58  Drone, Zerg Missile Weapons Level 1  
  86  6:02  Drone x2  
  86  6:03  Drone  
  84  6:05  Drone x2  
  84  6:08  Drone  
  86  6:12  Overseer  
  86  6:14  Drone  
  86  6:15  Drone, Burrow  
  86  6:16  Extractor  
  87  6:19  Overlord, Extractor  
  86  6:26  Overlord  
  86  6:27  Roach x2  
  86  6:28  Roach x2  
  86  6:31  Roach x2  
  86  6:32  Roach x2  
  102  6:34  Hatchery  
  101  6:40  Drone  
  101  6:41  Drone  
  99  6:47  Drone  
  99  6:49  Drone  
  99  6:50  Drone, Roach  
  99  6:51  Roach  
  106  6:55  Overlord  
  106  6:56  Drone  
  106  7:01  Drone  
  108  7:03  Roach x5  
  118  7:09  Overlord  
  118  7:10  Tunneling Claws  
  118  7:13  Overlord  
  118  7:22  Overlord  
  114  7:34  Drone x4  
  114  7:35  Drone x2  
  118  7:38  Roach x8  
  118  7:39  Overlord  
  134  7:44  Roach  
  136  7:56  Hydralisk Den  
  136  7:57  Zerg Missile Weapons Level 2, Zergling x6  
  136  7:58  Zergling x14  
  144  8:00  Zergling x2  
  144  8:01  Zergling x2  
  144  8:02  Hatchery  
  141  8:08  Ravager x2  
  141  8:09  Ravager x4  
  141  8:10  Zergling x4  
  141  8:11  Zergling x2  
  149  8:13  Drone x3  
  152  8:23  Zergling x14  
  159  8:32  Zergling x2  
  159  8:33  Zergling x8, Roach  
  165  8:34  Roach x7, Overlord  
  165  8:37  Muscular Augments  
  165  8:44  Roach x4  
  165  8:45  Ravager x4  
  169  8:57  Zergling x2  
  169  8:58  Zergling x28  
  169  9:02  Ravager x3  
  180  9:23  Hydralisk x7  
  180  9:24  Roach x4  
  194  9:27  Hydralisk  
  194  9:29  Hydralisk  
  193  9:38  Hydralisk x2  
  183  9:41  Hydralisk  
  183  9:44  Hydralisk  
  191  9:49  Roach x9  
  189  9:53  Roach x3, Hydralisk x2  
  189  9:57  Hydralisk  
  189  9:59  Zergling x12  
  198  10:22  Zergling x4  
  198  10:28  Roach x2  
  182  10:41  Hydralisk x2  
  153  10:45  Zergling x2  
  153  10:46  Zergling x14  
  153  10:48  Roach  
  153  10:49  Roach x13, Zergling x2  
  118  10:57  Hydralisk  
  118  10:59  Hydralisk  
  118  11:00  Hydralisk  
  118  11:01  Roach  
  118  11:03  Roach  
  118  11:04  Roach x2  
  123  11:07  Roach  
  123  11:10  Ravager x3, Zergling x4  
  130  11:15  Roach x2  
  130  11:17  Roach  
  136  11:21  Zergling x6  
  136  11:24  Hatchery  
  137  11:29  Roach  
  137  11:30  Hydralisk x3  
  139  11:33  Zergling x14  
  139  11:39  Hydralisk  
  138  11:40  Hydralisk  
  138  11:46  Hydralisk  
  142  12:00  Ravager x3  
  142  12:01  Ravager  
  144  12:02  Zergling x14  
  144  12:06  Zergling x2  
  144  12:07  Zergling x2  
  148  12:16  Zerg Melee Weapons Level 1  
  147  12:28  Roach x6  
  158  12:34  Zergling x2  
  158  12:35  Zergling x4  
  160  12:38  Ravager x3  
  163  12:45  Zergling x2  
  163  12:46  Zergling x8  
  163  12:49  Roach  
  170  12:54  Ravager x3  
  164  13:09  Zergling x2  
  164  13:10  Zergling x18  
  164  13:11  Zergling x2  
  133  13:13  Zergling x2  
  133  13:15  Zergling x2  
  133  13:16  Zergling x2  
  108  13:21  Zergling x6  
  108  13:25  Zergling x2  
  91  13:27  Zergling x6  
  91  13:29  Zergling x4  
  91  13:32  Roach  
  91  13:34  Roach  
  99  13:36  Roach  
  99  13:37  Roach  
  99  13:40  Roach  
  105  13:42  Roach  
  107  13:51  Overseer  
  107  14:02  Ravager  
  108  14:04  Ravager x5  
  115  14:10  Roach x8  
  115  14:13  Roach  
  115  14:15  Roach  
  132  14:37  Roach x7  
  132  14:38  Roach x4  
  147  14:52  Roach  
  147  14:53  Roach x6  
  159  15:00  Ravager x2  
  159  15:01  Ravager x2  
  159  15:02  Zergling x4  
  159  15:03  Zergling x8  
  169  15:09  Zergling x4  
  169  15:10  Zergling x2  
  171  15:17  Zergling x2  
  171  15:18  Zergling x4  
  171  15:19  Zergling x2  
  174  15:21  Zergling x2  
  174  15:24  Roach  
  174  15:25  Roach x2  
  181  15:32  Roach x4  
  181  15:33  Overlord  
  186  15:44  Zergling x2  
  186  15:46  Zergling x2  
  186  15:48  Roach x2  
  173  15:50  Roach  
  173  15:56  Roach x3  
  152  15:58  Roach x2  
  139  16:07  Zergling x10  
  110  16:13  Zergling x2  
  110  16:15  Ravager  
  110  16:16  Ravager x4  
  110  16:17  Zergling x8  
  115  16:24  Roach x2  
  115  16:25  Roach  
  119  16:26  Roach  
  119  16:27  Zergling x2  
  120  16:35  Zergling x4  
  120  16:36  Zergling x4  
  123  16:40  Hatchery  
  123  16:43  Ravager  
  122  16:48  Roach x2  
  122  16:49  Queen, Roach x2  
  131  16:58  Roach x2  
  131  16:59  Roach  
  134  17:05  Roach  
  132  17:09  Roach x2  
  132  17:10  Roach x2  
  138  17:21  Roach x10  
  138  17:22  Roach x2  
  138  17:24  Roach Warren  
  138  17:25  Zergling x4  
  138  17:26  Zergling x2  
  138  17:27  Zergling x2  
  138  17:28  Zergling x2  
  142  17:30  Zergling x4  
  144  17:43  Zergling x6  
  147  17:45  Zergling x4  
  147  17:50  Roach x7, Hydralisk x2  
  148  17:55  Queen  
  148  17:58  Zergling x6  
  152  18:01  Drone x16, Zergling x6  
  152  18:02  Zergling x2  
  152  18:05  Zergling x2  
  157  18:07  Lair  
  157  18:11  Roach x14, Zergling x2  
  157  18:12  Zergling x2  
  159  18:13  Zergling x2  
  159  18:15  Zergling x4  
  158  18:23  Zergling x4  
  158  18:24  Roach x5  
  159  18:28  Zergling x10  
  124  18:42  Roach x5  
  124  18:45  Roach x3, Zergling x2  
Show
View Real Time Build Order
Export as new Build Order

Bails Protoss 

Build Orders: 1 Gate Expand 

Get SALT Encoding   

  12  0:00  Probe (Chrono Boost)  
  13  0:11  Probe (Chrono Boost)  
  14  0:18  Pylon  
  14  0:22  Probe (Chrono Boost)  
  15  0:36  Probe (Chrono Boost)  
  15  0:38  Gateway  
  16  0:47  Probe (Chrono Boost)  
  16  0:48  Assimilator  
  17  0:57  Probe (Chrono Boost)  
  18  1:08  Probe (Chrono Boost)  
  20  1:18  Probe (Chrono Boost)  
  20  1:28  Nexus  
  21  1:38  Cybernetics Core  
  20  1:42  Probe (Chrono Boost)  
  21  1:48  Assimilator  
  21  1:52  Probe (Chrono Boost)  
  22  2:00  Pylon  
  22  2:03  Probe (Chrono Boost)  
  23  2:10  Warp Gate  
  23  2:14  Stalker  
  23  2:20  Probe (Chrono Boost)  
  26  2:30  Twilight Council  
  26  2:32  Probe (Chrono Boost)  
  27  2:40  Probe (Chrono Boost)  
  27  2:41  Adept  
  29  2:44  Probe (Chrono Boost)  
  29  2:50  Probe (Chrono Boost)  
  32  2:54  Resonating Glaives  
  32  2:56  Probe (Chrono Boost)  
  33  3:01  Probe (Chrono Boost)  
  33  3:03  Gateway  
  34  3:11  Gateway  
  34  3:16  Probe (Chrono Boost)  
  34  3:17  Probe (Chrono Boost)  
  36  3:22  Adept  
  39  3:28  Probe (Chrono Boost)  
  39  3:31  Mothership Core (Chrono Boost)  
  39  3:32  Pylon  
  41  3:40  Probe (Chrono Boost)  
  42  3:49  Pylon  
  42  3:51  Probe (Chrono Boost)  
  42  3:52  Probe (Chrono Boost)  
  42  3:53  Robotics Facility  
  46  4:03  Probe (Chrono Boost)  
  46  4:04  Probe (Chrono Boost)  
  46  4:12  Adept x2  
  46  4:13  Adept  
  52  4:22  Nexus  
  52  4:34  Adept  
  52  4:35  Warp Prism, Adept  
  52  4:36  Pylon  
  56  4:45  Probe (Chrono Boost)  
  60  4:46  Probe (Chrono Boost)  
  60  4:47  Pylon  
  60  4:57  Assimilator, Probe (Chrono Boost)  
  60  4:58  Adept x2  
  65  5:00  Assimilator  
  65  5:02  Adept  
  65  5:05  Probe (Chrono Boost)  
  68  5:08  Observer  
  68  5:10  Probe (Chrono Boost)  
  70  5:15  Pylon  
  70  5:16  Blink  
  70  5:17  Probe (Chrono Boost)  
  72  5:22  Probe (Chrono Boost)  
  72  5:24  Immortal  
  73  5:29  Probe (Chrono Boost)  
  73  5:34  Probe x2 (Chrono Boost)  
  79  5:41  Probe (Chrono Boost)  
  72  5:45  Probe (Chrono Boost)  
  72  5:46  Probe (Chrono Boost)  
  74  5:53  Probe (Chrono Boost)  
  74  5:56  Sentry x3  
  80  5:57  Probe (Chrono Boost)  
  80  5:58  Probe (Chrono Boost)  
  80  5:59  Immortal  
  82  6:05  Probe (Chrono Boost)  
  82  6:08  Probe (Chrono Boost)  
  82  6:10  Probe (Chrono Boost)  
  84  6:17  Probe (Chrono Boost), Pylon  
  85  6:18  Probe (Chrono Boost), Pylon  
  85  6:20  Forge  
  85  6:22  Probe (Chrono Boost)  
  85  6:24  Sentry  
  85  6:25  Stalker x2  
  93  6:30  Probe (Chrono Boost), Pylon  
  93  6:31  Assimilator  
  95  6:32  Probe (Chrono Boost)  
  95  6:35  Assimilator, Probe (Chrono Boost)  
  96  6:40  Immortal, Protoss Ground Weapons Level 1  
  96  6:42  Probe (Chrono Boost)  
  96  6:46  Probe (Chrono Boost)  
  102  6:49  Stalker x2  
  102  6:50  Stalker  
  109  6:54  Probe (Chrono Boost)  
  109  7:00  Pylon  
  109  7:06  Gateway  
  109  7:09  Gateway  
  109  7:10  Gateway  
  109  7:11  Templar Archives  
  109  7:20  Immortal  
  113  7:32  Stalker x2  
  113  7:33  Stalker  
  113  7:41  Gateway  
  113  7:44  Pylon  
  113  7:45  Pylon  
  113  7:46  Psionic Storm  
  113  7:48  Pylon  
  113  7:50  Pylon  
  113  7:55  Adept x2  
  113  7:56  Adept  
  119  8:01  Nexus  
  123  8:09  High Templar x3  
  129  8:18  Protoss Ground Weapons Level 2, Probe (Chrono Boost)  
  129  8:19  Pylon  
  130  8:21  Pylon  
  130  8:24  Probe (Chrono Boost)  
  130  8:25  Pylon  
  130  8:26  Immortal  
  130  8:29  High Templar  
  133  8:35  Probe (Chrono Boost)  
  133  8:37  Adept x2  
  137  8:41  Photon Cannon  
  137  8:45  Photon Cannon  
  137  8:46  Adept x4  
  145  8:50  Robotics Facility  
  145  8:58  Stalker  
  145  8:59  Stalker  
  149  9:06  Observer  
  149  9:08  Stalker  
  149  9:09  Stalker x3  
  158  9:12  Stalker  
  157  9:19  Probe (Chrono Boost)  
  157  9:22  Photon Cannon  
  147  9:31  Adept x2  
  145  9:40  Observer, Immortal  
  150  9:51  Photon Cannon  
  150  9:53  High Templar x2  
  150  9:57  Photon Cannon  
  152  10:01  Stalker x2  
  152  10:06  Probe (Chrono Boost)  
  159  10:07  Probe x2 (Chrono Boost)  
  155  10:23  Adept x3  
  155  10:25  Observer  
  148  10:49  Archon  
  122  10:50  Adept x5  
  122  10:53  Probe (Chrono Boost)  
  127  11:07  Adept  
  127  11:09  Adept  
  127  11:11  High Templar x4, Probe (Chrono Boost)  
  136  11:12  Zealot  
  136  11:15  Probe (Chrono Boost), Archon x2  
  143  11:30  Stalker x2  
  143  11:32  Immortal x2  
  155  11:34  Adept  
  153  11:43  Pylon  
  153  11:52  Pylon  
  153  11:54  Adept x2  
  153  11:56  Pylon  
  157  12:02  Adept  
  157  12:03  High Templar  
  157  12:04  High Templar, Adept  
  162  12:17  Photon Cannon  
  162  12:18  Photon Cannon  
  162  12:20  Pylon  
  162  12:22  Adept x4  
  170  12:30  Pylon  
  170  12:35  Nexus  
  170  12:36  High Templar  
  170  12:37  High Templar  
  174  12:40  Archon  
  174  12:44  Stalker x2  
  174  12:47  High Templar x2  
  182  12:52  Observer  
  179  13:08  Immortal  
  131  13:17  Stalker x5  
  118  13:20  Probe (Chrono Boost)  
  110  13:30  Probe (Chrono Boost)  
  110  13:31  Stalker x2  
  115  13:40  High Templar x2  
  119  13:46  Adept x3  
  125  13:59  Assimilator x2  
  125  14:04  Adept  
  125  14:05  Adept  
  125  14:09  Stalker x3  
  135  14:15  Immortal  
  139  14:17  High Templar  
  140  14:24  Adept  
  140  14:25  Adept x2  
  144  14:34  Adept x2  
  143  14:39  Immortal  
  147  14:56  Immortal  
  147  14:58  Adept x5  
  161  15:07  Dark Shrine  
  161  15:10  Pylon  
  159  15:23  Adept x3  
  165  15:33  Adept x4  
  161  15:54  Zealot x5  
  139  16:08  Immortal  
  109  16:11  Protoss Ground Weapons Level 3  
  109  16:18  High Templar x4  
  100  16:22  Archon x2  
  100  16:23  Zealot  
  100  16:24  Zealot  
  105  16:27  Probe (Chrono Boost)  
  93  16:38  Charge  
  93  16:42  Immortal  
  93  16:49  Cybernetics Core  
  97  16:59  High Templar x4  
  105  17:02  Zealot  
  105  17:03  Zealot  
  99  17:16  Immortal  
  103  17:29  Pylon  
  103  17:53  Observer  
  103  17:57  Zealot x4  
  103  17:58  Zealot x2  
  116  18:09  Photon Cannon  
  116  18:10  Photon Cannon  
  108  18:24  Zealot  
  108  18:27  Zealot  
  108  18:28  Zealot x2  
  112  18:40  Archon  
  94  18:42  High Templar x2  
  80  18:52  Archon, Dark Templar  
Tags
 
Add a new tag
Caveats
  • Supply blocks, unpowered buildings, or Contaminate may cause inaccurate times.
  • Supply counts are checked every 10 seconds.